 Dungeon Crawl Stone Soup version 0.26-a0-810-ge1a9524b62 (webtiles) character file.

Game seed: 17918446440581633953

6309 stormannnn the Fighter (level 10, -1/94 HPs)
             Began as a Minotaur Abyssal Knight on Nov 12, 2020.
             Was a High Priest of Lugonu.
             Killed by nerve-wracking pain
             ... invoked by an orc priest
             ... summoned by an orc warrior
              (14 damage)
             ... on level 10 of the Dungeon.
             The game lasted 00:13:50 (9356 turns).

stormannnn the Fighter (Minotaur Abyssal Knight)    Turns: 9356, Time: 00:13:51

Health: -1/94      AC:  9    Str: 19    XL:     10   Next: 64%
Magic:  13/13      EV: 12    Int: 15    God:    Lugonu [*****.]
Gold:   790        SH: 10    Dex: 11    Spells: 9/9 levels left

rFire    . . .     SeeInvis .   M - +1 hand axe (venom)
rCold    . . .     Faith    .   n - +0 kite shield
rNeg     . . .     Spirit   .   I - +0 acid dragon scales
rPois    .         Reflect  .   (helmet restricted)
rElec    .         Harm     .   (no cloak)
rCorr    +         Rampage  .   H - +0 pair of gloves
MR       .....                  (no boots)
Stlth    +.........             (no amulet)
HPRegen  0.25/turn              b - +6 ring of intelligence
MPRegen  0.13/turn              (no ring)

@: mighty, brilliant, flying
A: retaliatory headbutt, horns 2
a: Depart the Abyss, Bend Space, Banish, Corrupt, Enter the Abyss, Renounce
Religion


You were on level 10 of the Dungeon.
You worshipped Lugonu.
Lugonu was extremely pleased with you.
You visited 1 branch of the dungeon, and saw 10 of its levels.
You visited the Abyss 1 time.

You collected 790 gold pieces.

Inventory:

Hand Weapons
 y - a +2 hand axe of electrocution
 M - a +1 hand axe of venom (weapon)
Missiles
 A - 3 boomerangs of dispersal (quivered)
Armour
 n - a +0 kite shield (worn)
 q - +0 ice dragon scales
 H - a +0 pair of gloves (worn)
 I - +0 acid dragon scales (worn)
Jewellery
 b - a +6 ring of intelligence (left hand)
 K - an uncursed ring of see invisible {unknown}
Wands
 a - a wand of random effects (20)
 D - a wand of iceblast (3)
Scrolls
 c - a scroll of random uselessness {unknown}
 d - 4 scrolls of remove curse {unknown}
 e - 7 scrolls of identify
 k - a scroll of amnesia {unknown}
 l - 4 scrolls of magic mapping {unknown}
 m - 3 scrolls of enchant weapon {unknown}
 o - 6 scrolls of teleportation {unknown}
 t - a scroll of fear {unknown}
 u - 2 scrolls of noise {unknown}
 v - 2 scrolls of enchant armour {unknown}
 B - 2 scrolls of blinking {unknown}
 J - a scroll of immolation {unknown}
Potions
 f - a potion of berserk rage {unknown}
 g - 2 potions of curing
 h - 2 potions of ambrosia
 i - 2 potions of flight
 j - 2 potions of resistance {unknown}
 p - 2 potions of brilliance
 r - 3 potions of invisibility {unknown}
 s - 2 potions of heal wounds {unknown}
 x - a potion of haste {unknown}
 z - a potion of mutation {unknown}
 C - a potion of cancellation {unknown}
 E - a potion of degeneration {unknown}
 F - a potion of magic {unknown}
Miscellaneous
 G - a box of beasts


   Skills:
 * Level 10.5 Fighting
 * Level 10.1 Axes
 + Level 7.1 Armour
 + Level 6.3 Dodging
 + Level 6.2 Shields
 + Level 6.0 Invocations


You had 9 spell levels left.
You didn't know any spells.
Your spell library contained the following spells:

 Spells                   Type           Power        Failure   Level
 Sting                    Tmut/Pois      #...         71%         1
 Poisonous Vapours        Pois/Air       #.....       85%         2
 Conjure Flame            Conj/Fire      #.......     97%         3
 Ignite Poison            Fire/Tmut/Pois #.......     97%         3
 Mephitic Cloud           Conj/Pois/Air  #.......     97%         3
 Olgreb's Toxic Radiance  Pois           #.......     100%        4
 Freezing Cloud           Conj/Ice/Air   #.........   100%        6


Dungeon Overview and Level Annotations

Branches:
Dungeon (10/15)            Temple (0/1) D:7
   Lair: D:8-11         Orc: D:9-12

Altars:
Elyvilon
Gozag
Hepliaklqana
Okawaru
Qazlal
Trog
Wu Jian

Shops:
D:9 *

Annotations:
D:7 3 runed translucent doors, exclusion: orange crystal statue, Crazy Yiuf


Innate Abilities, Weirdness & Mutations

You reflexively headbutt those who attack you in melee.
You have a pair of horns on your head.


Message History

You struggle to resist.
It was a potion of flight.
You feel very buoyant.
You fly up into the air.
You block the worker ant's attack. You block the orc's attack.
The steam dragon barely misses you. You furiously retaliate!
You headbutt the steam dragon!! The steam dragon claws you.
* * * LOW HITPOINT WARNING * * *
The orc warrior hits you with a +0 scimitar!
* * * LOW HITPOINT WARNING * * *
The centaur unwields a +0 shortbow.
You block the centaur's attack. The worker ant misses you.
It was a potion of brilliance.
You feel clever all of a sudden. The centaur barely misses you.
You furiously retaliate!
You headbutt the centaur! You block the steam dragon's attack. x2
The worker ant bites you but does no damage.
The orc priest mumbles some strange prayers to Beogh against you.
Pain shoots through your body!
You die...

#.. #.# #... #.# #.#
##..... #.# #.##......#
####†#######.#........
##......††.............
#..#..†..†..†.#........
###.##..#######).o.......
........#######.ooZ......
###.#####......o@Doo.###
.##.# .####.c.Bo..# ....#
[......oo..#
.##......#####.#...o.#
....###.## #.#..P....
..... #.##....... .#####
#. #...P.... .. .........
##


You could see a steam dragon, 2 orc warriors, a centaur (summoned), a worker ant
(summoned), an orc priest (summoned), 2 orc wizards, 5 orcs and a bullfrog
zombie.

Vanquished Creatures
  A two-headed ogre (D:9)
  A troll (D:9)
  4 yaks (D:9)
  5 sky beasts
  An orc warrior (D:8)
  3 ice beasts (D:5)
  9 black bears
  A phantom (D:5)
  2 necrophages
  3 ogres
  A centaur (D:9)
  2 big kobolds (D:7)
  5 bullfrogs
  A gnoll sergeant (D:10)
  4 scorpions
  A water moccasin skeleton (D:8)
  7 killer bees (D:10)
  7 howler monkeys
  4 hounds
  2 bullfrog skeletons (D:5)
  2 orc priests
  3 jellies
  6 worker ants
  A gnoll shaman (D:5)
  7 iguanas
  6 orc wizards
  Terence (D:2)
  A howler monkey zombie (D:7)
  16 gnolls
  A howler monkey skeleton (D:7)
  13 adders
  4 white imps
  An ufetubus (D:9)
  An ooze (D:2)
  An adder zombie (D:5)
  3 adder skeletons
  2 worms (D:2)
  3 dart slugs
  7 leopard geckos
  19 orcs
  4 bats
  4 giant cockroaches
  2 goblins
  5 hobgoblins
  8 jackals
  6 quokkas
  3 frilled lizards
  A jackal skeleton (D:6)
  11 kobolds
  5 rats
211 creatures vanquished.

Vanquished Creatures (others)
  19 fungi (D:10)
  42 plants
61 creatures vanquished.

Grand Total: 272 creatures vanquished

Notes
Turn   | Place    | Note
-------+----------+-------------------------------------------
     0 | Abyss:1  | stormannnn the Minotaur Abyssal Knight began the quest for
                  | the Orb.
     0 | Abyss:1  | Reached XP level 1. HP: 19/19 MP: 1/1
     0 | D:1      | Escaped the Abyss
   124 | D:1      | Reached * piety under Lugonu
   248 | D:1      | Reached XP level 2. HP: 27/27 MP: 2/2
   592 | D:2      | Reached XP level 3. HP: 33/33 MP: 3/3
   632 | D:2      | Found a hazy altar of Hepliaklqana.
   905 | D:2      | Noticed Terence
   920 | D:2      | Killed Terence
  1113 | D:2      | Reached XP level 4. HP: 41/41 MP: 4/4
  1962 | D:4      | You fall into a shaft and drop 2 floors!
  1972 | D:5      | Entered Level 5 of the Dungeon
  2037 | D:4      | Found an iron altar of Okawaru.
  2048 | D:4      | Reached ** piety under Lugonu
  2313 | D:4      | Reached XP level 5. HP: 32/47 MP: 5/5
  2429 | D:4      | Found a stormy altar of Qazlal.
  2529 | D:4      | Reached skill level 5 in Fighting
  2804 | D:4      | Reached skill level 1 in Shields
  3163 | D:5      | Reached XP level 6. HP: 52/56 MP: 7/7
  3289 | D:5      | Reached skill level 5 in Axes
  3448 | D:5      | Noticed an ice beast
  3499 | D:5      | Killed an ice beast
  3499 | D:5      | Reached XP level 7. HP: 46/63 MP: 8/8
  3800 | D:5      | Reached XP level 8. HP: 63/71 MP: 9/9
  3812 | D:5      | Reached *** piety under Lugonu
  4633 | D:6      | Reached skill level 5 in Armour
  5747 | D:7      | Reached XP level 9. HP: 74/81 MP: 11/11
  5749 | D:7      | Reached **** piety under Lugonu
  5904 | D:7      | Found a runed translucent door.
  5919 | D:7      | Found the +10 tower shield of Ignorance {rN+ Int-4}
  5919 | D:7      | Noticed an orange crystal statue
  6178 | D:7      | Found a runed translucent door.
  6370 | D:7      | Found a staircase to the Ecumenical Temple.
  6424 | D:7      | Found a runed translucent door.
  6425 | D:7      | Noticed Crazy Yiuf
  6898 | D:8      | Found a bloodstained altar of Trog.
  6905 | D:8      | Reached skill level 5 in Dodging
  7057 | D:8      | Reached skill level 5 in Invocations
  7082 | D:8      | Reached skill level 5 in Shields
  7636 | D:9      | Found an ornate altar of the Wu Jian Council.
  7637 | D:9      | Found a white marble altar of Elyvilon.
  7704 | D:9      | Noticed a two-headed ogre
  7718 | D:9      | Killed a two-headed ogre
  7718 | D:9      | Reached XP level 10. HP: 87/92 MP: 13/13
  7933 | D:9      | Found an opulent altar of Gozag.
  7936 | D:9      | Found Gozag's Platinum Reserve.
  8393 | D:10     | Entered Level 10 of the Dungeon
  8401 | D:10     | Reached skill level 10 in Fighting
  8524 | D:10     | Reached ***** piety under Lugonu
  9268 | D:10     | Reached skill level 10 in Axes
  9356 | D:10     | Killed from afar by an orc priest

Illustrated notes

Levels and vault maps discovered:
D:1:      lightli_arrival_isolated_outpost, layout_rooms
D:2:      layout_rooms, nicolae_overflow_crystal_walls, uniq_terence
D:3:      layout_loops_cross, minivault_24, hangedman_decor_push
D:4:      layout_basic, okawaru_trees_1, nicolae_qazlal_general_emergency
D:5:      layout_loops_ring, serial_bayou, serial_bayou_pond_d,
          serial_bayou_lagoon_a, serial_bayou_pond_d, serial_bayou_ford_a,
          minmay_divided_ellipse
D:6:      layout_basic, serial_corexii_hall, corexii_hall_statues_i,
          corexii_hall_statues_x, chequers_hall_statues_wall_a,
          chequers_hall_statues_corner_a
D:7:      layout_cave_pools, minmay_temple_entry_poolview,
          corexii_item_surrounded_by_moat, chequers_guarded_unrand_ignorance,
          uniq_crazy_yiuf_cottage
D:8:      layout_loops_ring, trog_ov_bears_minmay
D:9:      kennysheep_blocky_hall, layout_gridville,
          gammafunk_temple_overflow_pools, nicolae_gozag_zags_fifth_avenue
D:10:     layout_rooms, grunt_lair_entry_orc_guard_hut

Skill      XL: |  1  2  3  4  5  6  7  8  9 10 |
---------------+-------------------------------+-----
Fighting       | 4 5 6 8 9 10 | 10.5
Invocations    | 2 3 4 5 6 |  6.0
Axes           | 3 4 5 6 7 9 10 | 10.1
Dodging        | 2 3 4 5 6 |  6.3
Armour         | 3 4 5 6 7 |  7.1
Shields        | 1 2 3 4 5 6 |  6.2

Action                   |  1- 3 |  4- 6 |  7- 9 | 10-12 || total
-------------------------+-------+-------+-------+-------++-------
Melee: Hand axe          |    66 |   109 |   124 |    66 ||   365
       Headbutt          |     9 |    22 |    66 |    27 ||   124
       Spear             |       |    61 |   246 |   100 ||   407
Invok: Depart the Abyss  |     1 |       |       |       ||     1
  Use: Potion            |       |     2 |       |     5 ||     7
       Scroll            |       |       |     3 |       ||     3
Armor: Leather armour    |    13 |     4 |       |       ||    17
       Ice dragon scales |       |    60 |   105 |     1 ||   166
       Acid dragon scale |       |       |       |    77 ||    77
Dodge: Dodged            |    34 |    36 |    78 |    84 ||   232
Block: Kite shield       |       |    48 |   142 |    92 ||   282

Table legend: (Time is in decaauts)
 A = Elapsed time spent in this place.
 B = Non-inter-level travel time spent in this place.
 C = Inter-level travel time spent in this place.
 D = Time resting spent in this place.
 E = Time spent auto-exploring this place.
 F = Levels seen in this place.
 G = Mean time per level.
                   A        B        C        D        E       F      G
               +--------+--------+--------+--------+--------+-----+--------+
         Total |   9387 |   9020 |    367 |   1775 |   5761 |  11 |  853.4 |
       Dungeon |   9387 |   9020 |    367 |   1775 |   5761 |  10 |  938.7 |
         Abyss |      0 |      0 |      0 |      0 |      0 |   1 |    0.0 |
               +--------+--------+--------+--------+--------+-----+--------+

Top non-repeatable levels by time:
     D:9: 1383 daAuts
     D:5: 1324 daAuts
     D:4: 1139 daAuts
     D:6: 1113 daAuts
     D:7: 1036 daAuts
     D:8: 897 daAuts
     D:2: 721 daAuts
     D:3: 704 daAuts
     D:1: 552 daAuts
    D:10: 514 daAuts
